[Event "44th BAN-ch OMICON 2018"]
[Site "Dhaka"]
[Date "2018.11.28"]
[Round "5"]
[White "Rahman, Ziaur"]
[Black "Abu Sufian, Shakil"]
[Result "1-0"]
[ECO "C00"]
[WhiteElo "2468"]
[BlackElo "2230"]
[Annotator "RC"]
[PlyCount "135"]
[EventDate "2018.11.24"]
[EventType "swiss"]
[EventCountry "BAN"]
[SourceTitle "playchess.com"]
[Source "ChessBase"]
[SourceQuality "1"]
[TimeControl "40/5400+30:1800+30"]

1. Nf3 d5 2. g3 Nf6 3. Bg2 e6 4. O-O Be7 5. d3 O-O 6. Nbd2 c5 7. e4 Nc6 8. Re1 b5 9. e5 Nd7 10. Nf1 Bb7 11. h4 Qc7 12. Bf4 Rfc8 13. Ne3 Qd8 14. c4 bxc4 15. dxc4 Nb6 16. Ng5 h6 17. cxd5 exd5 18. Nxf7 Kxf7 19. Bxh6 Nd4 20. e6+ Nxe6 21. Qh5+ g6 22. Qf3+ Kg8 23. Qg4 Nf8 24. Nf5 Rc7 25. Re6 Bg5 26. Rxg6+ Nxg6 27. Bxg5 Qe8 28. Bf4 Rc6 29. h5 Bc8 30. hxg6 Bxf5 31. Qxf5 Qxg6 32. Bxd5+ Nxd5 33. Qxd5+ Qe6 34. Qg5+ Qg6 35. Qd5+ Qe6 36. Qh5 Qg6 37. Qf3 Re8 38. Rd1 Qe4 39. Qh5 Qg6 40. Qf3 Qe4 41. Qc3 Qb4 42. Qc1 Qe4 43. Bd2 c4 44. Bc3 Rg6 45. Re1 Qc6 46. Rxe8+ Qxe8 47. Qf4 Qc6 48. Qb8+ Kf7 49. Qxa7+ Ke8 50. Qb8+ Kd7 51. Qf4 Rh6 52. f3 Rd6 53. Qf5+ Ke8 54. Kg2 Re6 55. g4 Qb6 56. Qh5+ Ke7 57. Qh4+ Ke8 58. Qf2 Qc7 59. a3 Qe7 60. Qg3 Re2+ 61. Kf1 Qe3 62. Qb8+ Kf7 63. Qc7+ Ke8 64. Qc8+ Ke7 65. Bb4+ Kf6 66. Qf5+ Kg7 67. Bc3+ Kg8 68. Qg6+ 1-0

[Event "44th BAN-ch OMICON 2018"]
[Site "Dhaka"]
[Date "2018.11.28"]
[Round "5"]
[White "Mohammad Fahad, Rahman"]
[Black "Jabed Al Azad"]
[Result "1-0"]
[ECO "B12"]
[WhiteElo "2381"]
[BlackElo "2008"]
[Annotator "RC"]
[PlyCount "89"]
[EventDate "2018.11.24"]
[EventType "swiss"]
[EventCountry "BAN"]
[SourceTitle "playchess.com"]
[Source "ChessBase"]
[SourceQuality "1"]
[TimeControl "40/5400+30:1800+30"]

1. e4 c6 2. d4 d5 3. e5 Bf5 4. Nf3 e6 5. c3 c5 6. Be3 Qb6 7. Qd2 f6 8. Nh4 Bg4 9. Be2 Bxe2 10. Qxe2 cxd4 11. Bxd4 Bc5 12. Bxc5 Qxc5 13. exf6 gxf6 14. Qxe6+ Qe7 15. Qxe7+ Nxe7 16. Na3 Nbc6 17. O-O-O Rd8 18. Rhe1 Kf7 19. Nc2 Rhg8 20. g3 Rge8 21. Nd4 Nxd4 22. Rxd4 Rd7 23. Red1 Rc7 24. Ng2 Rd8 25. Nf4 Rc5 26. Nd3 Rc4 27. Ne5+ fxe5 28. Rxc4 Nc6 29. Rh4 Kg6 30. b4 a6 31. a4 Ne7 32. Kb2 Rf8 33. f4 e4 34. Rg4+ Kf6 35. Rg5 h6 36. Re5 Rc8 37. Kb3 Rc6 38. g4 b5 39. axb5 axb5 40. Ra1 Re6 41. Rxe6+ Kxe6 42. Ra6+ Kf7 43. Rxh6 Ng6 44. Rh5 e3 45. Kc2 1-0

[Event "44th BAN-ch OMICON 2018"]
[Site "Dhaka"]
[Date "2018.11.28"]
[Round "5"]
[White "Rahman, Taibur"]
[Black "Anata, Choudhury"]
[Result "1-0"]
[ECO "A45"]
[WhiteElo "2239"]
[BlackElo "2141"]
[Annotator "NA RC"]
[PlyCount "77"]
[EventDate "2018.11.24"]
[EventType "swiss"]
[EventCountry "BAN"]
[SourceTitle "playchess.com"]
[Source "ChessBase"]
[SourceQuality "1"]
[TimeControl "40/5400+30:1800+30"]

1. d4 Nf6 2. Bg5 c5 3. Bxf6 gxf6 4. d5 Qb6 5. Qc1 f5 6. g3 d6 {[%emt 0:02:23] A45: Trompowsky Attack} (6... Bg7 7. c3 Qf6 8. e3 Na6 9. Ne2 Nc7 10. Nf4 Bh6 11. c4 d6 12. Nc3 Bd7 13. Be2 a6 14. a4 b6 15. Nh5 {½-½ (66) Van Wely,L (2692)-Giri,A (2714) Wijk aan Zee 2012}) 7. Nd2 Nd7 8. Bg2 Nf6 9. Nh3 h5 10. c3 Bh6 11. Qc2 Bd7 12. Nf4 O-O-O 13. Nc4 $146 ({Predecessor:} 13. e3 e5 14. dxe6 fxe6 {0-1 (22) Schneider,I (2504)-Lalith,B (2586) Bad Wiessee 2016}) 13... Qc7 14. O-O-O Ng4 15. e3 h4 16. Bf3 Ne5 17. Be2 Kb8 18. Kb1 Bc8 19. Ng2 Bg5 20. f4 h3 21. Ne1 Nxc4 22. Bxc4 Bf6 23. Bd3 c4 24. Be2 ({White should try} 24. Bxf5 $16 Bxf5 25. Qxf5) 24... Qc5 25. e4 e5 26. dxe6 (26. fxe5 $11 {keeps the balance.} dxe5 27. Rf1) 26... fxe6 27. exf5 exf5 28. Nf3 (28. Qd2 $14) 28... Be6 29. Qd2 Bd7 (29... d5 $14) 30. Qxd6+ Qxd6 31. Rxd6 Be7 32. Rd2 Bc6 33. Rhd1 Rxd2 34. Nxd2 Rg8 (34... Rd8 $16 {keeps fighting.}) 35. Nxc4 ({Don't take} 35. Bxc4 $6 Rd8 $16) 35... Bc5 36. Ne5 Be4+ {[%emt 0:00:12] [#]} 37. Bd3 $1 Rd8 38. Kc2 Bf3 $18 (38... Bd5 39. Bxf5 Kc7) 39. Nxf3 1-0

[Event "44th BAN-ch OMICON 2018"]
[Site "Dhaka"]
[Date "2018.11.28"]
[Round "5"]
[White "Mohammad, Javed"]
[Black "Nayem, Haque"]
[Result "1/2-1/2"]
[ECO "C11"]
[WhiteElo "2135"]
[BlackElo "2074"]
[Annotator "NA RC"]
[PlyCount "127"]
[EventDate "2018.11.24"]
[EventType "swiss"]
[EventCountry "BAN"]
[SourceTitle "playchess.com"]
[Source "ChessBase"]
[SourceQuality "1"]
[TimeControl "40/5400+30:1800+30"]

1. e4 e6 2. d4 d5 3. Nc3 Nf6 4. e5 Nfd7 5. f4 c5 6. Nf3 Nc6 7. Be3 Qb6 8. Na4 Qa5+ 9. c3 cxd4 10. b4 Qd8 11. Nxd4 {[%emt 0:01:12] C11: French: Classical System: 4 e5 and 4 Bg5 dxe4} Nxd4 12. Bxd4 Be7 (12... Nb8 13. Bd3 Nc6 14. Bf2 g6 15. O-O Bh6 16. Qg4 b6 17. Bh4 Qd7 18. Bf6 O-O 19. Rf3 Nxb4 20. Rh3 Bg7 21. Qh5 gxh5 22. Rg3 {1-0 (22) Brkic,A (2565)-Bukal,V (2398) Pardubice 2017}) 13. Bd3 Nb8 $146 ({Predecessor:} 13... f5 14. exf6 Nxf6 15. O-O O-O 16. Qc2 b6 17. Rae1 Bb7 18. Nb2 Rc8 19. Rxe6 {1-0 (47) Arakhamia Grant,K (2376)-Herbold,M (2155) Douglas 2016}) 14. b5 Nd7 15. O-O g6 16. Rc1 Ba3 17. Rc2 Qa5 18. Re2 (18. Rcf2 $16) 18... Nb6 (18... a6 $11) 19. Nc5 Nd7 20. Nb3 Qc7 21. f5 gxf5 {[%emt 0:05:52] [#]} 22. Bxf5 $1 Nc5 23. Bc2 Nxb3 24. axb3 Bc5 25. Ref2 Bd7 26. Rxf7 O-O-O 27. b4 Bb6 28. Bxh7 Qxe5 29. Bxb6 axb6 30. Qd4 Qxd4+ 31. cxd4 Bxb5 {[%emt 0:00:46] [#]} (31... Be8 $16 {was necessary.}) 32. R1f6 (32. Rc1+ $1 $16 Bc4 33. Ra1) 32... Bd7 33. g4 e5 (33... Be8 $16 {was worth a try.}) 34. dxe5 ({Don't take} 34. Rxb6 $6 Rhf8 $16) (34. g5 $18) 34... Bxg4 35. e6 ({Better is} 35. Rxb6 $16 Rd7 36. Bg6) 35... Rde8 $2 (35... Rhe8 $1 $14) 36. e7 Kd7 37. Rxb6 Kc7 {[%emt 0:00:11] [#]} 38. Rbf6 $2 Kd7 39. Rb6 Kc7 {[%emt 0:00:02] [#]} 40. Rh6 $1 $18 d4 {[%emt 0:00:00] [#]} 41. b5 $11 (41. Rh4 $1 $18 Be6 42. Rg7) 41... d3 42. b6+ Kd7 43. Rf4 d2 44. Rd4+ Kxe7 45. Rxd2 Reg8 46. Rg2 Rg7 47. Rg6 Rxg6 48. Bxg6 Bf3 49. Rg3 Bd5 50. Bd3 Rg8 51. Rxg8 Bxg8 52. Be4 Kd6 53. h4 Bf7 54. Bxb7 Kc5 55. Kf2 Kxb6 56. Bf3 Kc5 57. Ke3 Kd6 58. Kf4 Ke7 59. Kg5 Kf8 60. Kh6 Kg8 61. h5 Kh8 62. Be4 Bc4 63. Kg6 Bf7+ 64. Kxf7 1/2-1/2

[Event "44th BAN-ch OMICON 2018"]
[Site "Dhaka"]
[Date "2018.11.28"]
[Round "5"]
[White "S M Sharon"]
[Black "Saiful Islam, Chowdhury"]
[Result "0-1"]
[ECO "C47"]
[WhiteElo "2123"]
[BlackElo "2110"]
[Annotator "NA RC"]
[PlyCount "55"]
[EventDate "2018.11.24"]
[EventType "swiss"]
[EventCountry "BAN"]
[SourceTitle "playchess.com"]
[Source "ChessBase"]
[SourceQuality "1"]
[TimeControl "40/5400+30:1800+30"]

1. e4 e5 2. Nf3 Nc6 3. Nc3 Nf6 4. g3 Bc5 5. Bg2 d6 6. h3 h6 7. d3 {[%emt 0:00:10] C47: Scotch Four Knights and Four Knights with 4 g3} Be6 (7... a6 8. Ne2 Be6 9. O-O Qd7 10. Kh2 g5 11. d4 g4 12. d5 gxf3 13. dxe6 fxe6 14. Bxf3 Qh7 {½-½ (59) Kaczmarek,A (2352)-Mista,A (2587) Krakow 2017}) 8. Na4 Qe7 9. a3 $146 ({Predecessor:} 9. c3 Bxf2+ 10. Kxf2 b5 11. b4 bxa4 12. Qxa4 Bd7 13. Qc2 Nd8 14. d4 exd4 {0-1 (47) Sahu,S (2277)-Vijayalakshmi,S (2444) Mumbai 2004}) 9... g5 10. b4 Bb6 11. Nxb6 axb6 12. Be3 b5 13. Qb1 d5 14. exd5 Bxd5 15. O-O g4 16. Bc5 (16. hxg4 $1 $14 Nxg4 17. Bd2) 16... Qe6 17. hxg4 b6 18. c4 (18. Be3 $11) 18... bxc4 19. dxc4 (19. b5 $17 {might work better.}) 19... Be4 ({Weaker is} 19... Bxc4 20. Nd4 $15) 20. Ng5 $2 (20. Nxe5 Bxg2 21. Kxg2 Nxe5 22. Bd4) 20... hxg5 21. Bxe4 bxc5 22. b5 Nd4 ({And not} 22... Nxe4 23. Qxe4 {[%mdl 64] Pin} Ra4 24. Qxc6+ Qxc6 25. bxc6 $11) 23. Bxa8 Qxg4 24. Re1 {[%emt 0:06:26] [#]} Nf3+ $1 {[%emt 0:02:40] Double Attack, Discovered Attack (Double check)} 25. Kf1 Nd2+ 26. Kg1 Qh3 27. Rxe5+ Kf8 28. Re1 0-1

[Event "44th BAN-ch OMICON 2018"]
[Site "Dhaka"]
[Date "2018.11.28"]
[Round "5"]
[White "Hossain, Showkat Pollab"]
[Black "Islam, Kh. Aminul"]
[Result "1/2-1/2"]
[ECO "C68"]
[WhiteElo "2119"]
[BlackElo "2253"]
[Annotator "RC"]
[PlyCount "32"]
[EventDate "2018.11.24"]
[EventType "swiss"]
[EventCountry "BAN"]
[SourceTitle "playchess.com"]
[Source "ChessBase"]
[SourceQuality "1"]
[TimeControl "40/5400+30:1800+30"]

1. e4 e5 2. Nf3 Nc6 3. Bb5 a6 4. Bxc6 dxc6 5. O-O Qf6 6. d4 exd4 7. Qxd4 Qxd4 8. Nxd4 Bd7 9. Nd2 O-O-O 10. N2f3 Re8 11. Re1 c5 12. Nf5 Bxf5 13. exf5 Rxe1+ 14. Nxe1 Nf6 15. Nf3 Bd6 16. Bd2 Ne4 1/2-1/2

[Event "44th BAN-ch OMICON 2018"]
[Site "Dhaka"]
[Date "2018.11.28"]
[Round "5"]
[White "Zia, Tahsin Tajwar"]
[Black "Mehdi Hasan Parag"]
[Result "1/2-1/2"]
[ECO "C00"]
[WhiteElo "1803"]
[BlackElo "2218"]
[Annotator "NA RC"]
[PlyCount "87"]
[EventDate "2018.11.24"]
[EventType "swiss"]
[EventCountry "BAN"]
[SourceTitle "playchess.com"]
[Source "ChessBase"]
[SourceQuality "1"]
[TimeControl "40/5400+30:1800+30"]

1. Nf3 Nf6 2. g3 d5 3. Bg2 e6 4. O-O Be7 5. d3 O-O 6. Nbd2 c5 7. e4 Nc6 8. e5 Ne8 9. Re1 {[%emt 0:00:25] C00: French: Unusual White 2nd moves} Nc7 (9... b5 10. h4 Nc7 11. Ng5 Bxg5 12. hxg5 Qxg5 13. Nb3 Qe7 14. Be3 Na6 15. c4 bxc4 16. dxc4 Bb7 17. Qh5 dxc4 {½-½ (80) Savchenko,B (2604)-Yemelin,V (2588) Loo 2013}) 10. h4 f6 11. exf6 Bxf6 12. a3 $146 ({Predecessor:} 12. Nf1 e5 13. Bg5 Qd6 14. Ne3 Be6 15. c4 h6 16. cxd5 Nxd5 {½-½ (55) Vrana,F (2300)-Kocur,V (2120) Stare Mesto 2003}) 12... b5 13. c4 Rb8 14. Rb1 Kh8 15. Qc2 Qd6 16. b4 cxb4 17. c5 Qd8 18. axb4 Na6 19. Ba3 Qc7 {[%emt 0:00:47] [#]} (19... e5 $1 $15) 20. Nf1 (20. d4 $1 $16) 20... Bd7 ({Black should play} 20... e5 $11) 21. Qd2 Nd4 ({Better is} 21... e5 $14) 22. N1h2 Rbe8 23. Bb2 Nxf3+ 24. Nxf3 e5 25. d4 e4 26. Ne5 Nb8 27. Nxd7 Qxd7 28. Ra1 a6 29. Ra3 Qc7 30. Qc3 (30. Ree3 $16) 30... Rf7 (30... Nc6 $11 31. Rxa6 Qc8 $11) 31. Bc1 Nc6 32. Be3 a5 33. Rxa5 Nxa5 34. bxa5 Ra8 35. Ra1 Qc6 36. Qb4 Rb7 37. Bf1 h6 38. Rb1 Qc7 {[%emt 0:05:16] [#]} (38... Qe6 $11) 39. Bf4 (39. Qb3 $1 $16 Qf7 40. Qa2) 39... Qd8 $2 (39... Qc8 $1 $14) 40. c6 Rba7 41. c7 $2 ({Less strong is} 41. Bxb5 Be7 $16) ({Weaker is} 41. Qxb5 Bxd4 42. Rd1 Rxa5 $16) (41. Qc5 $18) 41... Rxc7 42. Bxc7 Qxc7 43. Bxb5 Qxa5 44. Bc6 $11 1/2-1/2

[Event "44th BAN-ch OMICON 2018"]
[Site "Dhaka"]
[Date "2018.11.29"]
[Round "6"]
[White "Anata, Choudhury"]
[Black "Md., Sharif Hossain"]
[Result "1-0"]
[ECO "B01"]
[WhiteElo "2141"]
[BlackElo "2198"]
[Annotator "RC"]
[PlyCount "164"]
[EventDate "2018.11.24"]
[EventType "swiss"]
[EventCountry "BAN"]
[SourceTitle "playchess.com"]
[Source "ChessBase"]
[SourceQuality "1"]
[TimeControl "40/5400+30:1800+30"]

1. e4 d5 2. exd5 Qxd5 3. Nf3 Nf6 4. d4 a6 5. c4 Qd6 6. Nc3 g6 7. Be2 Bg7 8. O-O O-O 9. Re1 c5 10. dxc5 Qxc5 11. Be3 Qc7 12. Qb3 Nbd7 13. Nd5 Nxd5 14. cxd5 Ne5 15. Rac1 Qd7 16. Bb6 Qf5 17. Bc5 Re8 18. h3 b5 19. Be3 Qf6 20. Nd4 Qd6 21. Red1 Bb7 22. Nc6 Rac8 23. a4 Bxc6 24. dxc6 Qb8 25. axb5 Nxc6 26. Qa4 axb5 27. Bxb5 Ne5 28. Bxe8 Rxe8 29. b4 f5 30. b5 Nf7 31. b6 Be5 32. Qa7 f4 33. Qxb8 Rxb8 34. Bc5 Bd6 35. Bxd6 Nxd6 36. Rc6 Kf7 37. Ra1 Ke6 38. Ra7 h6 39. b7 Kd7 40. Rb6 Kc7 41. Ra8 Rxb7 42. Rxb7+ Kxb7 43. Rg8 g5 44. Rg7 Kc6 45. Rg6 Kd5 46. Rxh6 Ke5 47. Kf1 Nf7 48. Ra6 Kf5 49. Ra7 Kf6 50. Ke2 Ne5 51. Kd2 e6 52. Ra4 Kf5 53. Kc3 g4 54. Ra5 gxh3 55. gxh3 Kf6 56. Rb5 Nf3 57. Kd3 e5 58. h4 Nxh4 59. Ke4 Ng6 60. Rb6+ Kg5 61. Re6 f3 62. Ra6 Nf4 63. Ra3 Ne6 64. Rxf3 Nd4 65. Rf8 Nc6 66. Rc8 Ne7 67. Rc5 Kf6 68. Rxe5 Nc8 69. Rc5 Nd6+ 70. Kf4 Ne8 71. Rc6+ Ke7 72. Ke5 Kd7 73. Rh6 Ke7 74. f4 Kf7 75. Ra6 Kg7 76. f5 Kf8 77. Ra7 Ng7 78. f6 Nh5 79. Ke6 Nf4+ 80. Kf5 Nd5 81. Ke5 Nb6 82. Ke6 Kg8 1-0

[Event "44th BAN-ch OMICON 2018"]
[Site "Dhaka"]
[Date "2018.11.29"]
[Round "6"]
[White "Mohammad, Javed"]
[Black "Mohammad Fahad, Rahman"]
[Result "1/2-1/2"]
[ECO "B96"]
[WhiteElo "2135"]
[BlackElo "2381"]
[Annotator "RC"]
[PlyCount "103"]
[EventDate "2018.11.24"]
[EventType "swiss"]
[EventCountry "BAN"]
[SourceTitle "playchess.com"]
[Source "ChessBase"]
[SourceQuality "1"]
[TimeControl "40/5400+30:1800+30"]

1. e4 c5 2. Nf3 d6 3. d4 cxd4 4. Nxd4 Nf6 5. Nc3 a6 6. Bg5 e6 7. f4 h6 8. Bh4 Qb6 9. a3 Be7 10. Bf2 Qc7 11. Qe2 Nbd7 12. g4 b5 13. O-O-O Bb7 14. Bg2 g5 15. h4 Rg8 16. hxg5 hxg5 17. fxg5 Rxg5 18. Rh8+ Rg8 19. Rxg8+ Nxg8 20. Be3 Ne5 21. g5 O-O-O 22. Kb1 Kb8 23. Rf1 Rf8 24. a4 bxa4 25. Nxa4 Nc4 26. Bc1 Bc8 27. Rf3 Na5 28. Bd2 Bb7 29. Rc3 Qd7 30. Nb6 Qd8 31. Na4 Bxg5 32. Bxg5 Qxg5 33. b4 Qf6 34. Qd2 e5 35. Nf5 Nc6 36. Nb6 Rd8 37. Nd5 Qe6 38. b5 axb5 39. Bf1 Nce7 40. Nc7 Qf6 41. Bxb5 d5 42. Ne8 Qb6 43. Rb3 Nxf5 44. exf5 Nf6 45. Nxf6 Qxf6 46. Qa5 Rd6 47. Ra3 e4 48. Qa7+ Kc8 49. Qc5+ Kb8 50. Qa7+ Kc8 51. Qc5+ Kb8 52. Qa7+ 1/2-1/2

[Event "44th BAN-ch OMICON 2018"]
[Site "Dhaka"]
[Date "2018.11.29"]
[Round "6"]
[White "Subrota, Biswas"]
[Black "Zia, Tahsin Tajwar"]
[Result "1/2-1/2"]
[ECO "D01"]
[WhiteElo "2126"]
[BlackElo "1803"]
[Annotator "ChessBase"]
[PlyCount "108"]
[EventDate "2018.11.24"]
[EventType "swiss"]
[EventCountry "BAN"]
[SourceTitle "playchess.com"]
[Source "ChessBase"]
[SourceQuality "1"]
[TimeControl "40/5400+30:1800+30"]

1. Nc3 d5 2. d4 Nf6 3. Bg5 Bf5 4. f3 c6 5. Qd2 Nbd7 6. Nh3 h6 7. Bh4 g5 8. Bg3 Bg7 9. Nf2 Bg6 10. e4 e6 11. h4 Nh5 12. Bd6 Nb6 13. Bc5 Ng3 14. O-O-O Nxh1 15. Nxh1 gxh4 16. exd5 Nxd5 17. Ne4 b6 18. Nd6+ Kd7 19. c4 Qg5 20. Qxg5 hxg5 21. cxd5 exd5 22. Ba3 Bf8 23. Nb5 cxb5 24. Bxb5+ Kd8 25. Ba6 Bxa3 26. bxa3 Kc7 27. Nf2 b5 28. Bxb5 Kb6 29. Bd7 Rhd8 30. Bh3 Re8 31. Kd2 Re7 32. Ng4 Rc8 33. Ne3 Rd8 34. Rc1 Rc7 35. Rf1 Ka5 36. f4 Be4 37. fxg5 Rb8 38. Nf5 Rb2+ 39. Ke3 Rc3+ 40. Kf4 Bxf5 41. Kxf5 Rxa3 42. Ke5 Rb7 43. Kxd5 Rxa2 44. Ke4 Rab2 45. d5 Re7+ 46. Kd4 Kb4 47. Bf5 Rd2+ 48. Bd3 Rxg2 49. Rb1+ Ka3 50. Rh1 Rg4+ 51. Kc5 Rxg5 52. Rxh4 Ree5 53. Bc4 Rh5 54. Rd4 Kb2 1/2-1/2

[Event "44th BAN-ch OMICON 2018"]
[Site "Dhaka"]
[Date "2018.11.29"]
[Round "6"]
[White "Nayem, Haque"]
[Black "Ghosh, Chanchal Kumer"]
[Result "0-1"]
[ECO "A11"]
[WhiteElo "2074"]
[BlackElo "2069"]
[Annotator "NA RC"]
[PlyCount "106"]
[EventDate "2018.11.24"]
[EventType "swiss"]
[EventCountry "BAN"]
[SourceTitle "playchess.com"]
[Source "ChessBase"]
[SourceQuality "1"]
[TimeControl "40/5400+30:1800+30"]

1. c4 Nf6 2. Nf3 c6 3. g3 d5 4. Bg2 Nbd7 5. O-O {[%emt 0:00:30] A11: English Opening: 1...c6} e5 6. d3 Be7 (6... dxc4 7. dxc4 Be7 8. Nc3 O-O 9. Qc2 Qc7 10. Rd1 Re8 11. a3 a5 12. Rb1 h6 13. h3 Nb6 14. b3 a4 15. Nxa4 Nxa4 16. bxa4 e4 17. Bf4 Qa5 18. Nd2 Qxa4 19. Rb3 Bf5 {1-0 (50) Svidler,P (2760)-Morozevich,A (2665) Moscow 2018}) 7. cxd5 cxd5 8. d4 e4 9. Ne1 O-O 10. Nc3 Nb6 11. f3 $146 ({Predecessor:} 11. Nc2 Be6 12. Ne3 Rc8 13. f4 {½-½ (13) Supancic,D (2372)-Roskar,R (2245) Celje 2004}) 11... Re8 12. fxe4 Nxe4 13. Nxe4 dxe4 14. Nc2 Bd6 15. Bf4 Nd5 16. Bxd6 Qxd6 17. Qd2 Bg4 18. Ne3 Qh6 19. Rf4 $2 (19. Nc4 $15) 19... Nxf4 20. gxf4 Qxf4 21. Rf1 Qg5 22. h4 Qh6 23. Qc3 Qxh4 24. Rf4 h5 25. Qb3 Rf8 26. Rxe4 b6 27. Rf4 Qg3 28. Rf2 Rac8 29. Nc4 Qxb3 30. axb3 Rfd8 31. d5 f6 32. e4 Rc5 33. Rd2 Rb5 34. e5 fxe5 35. Nxe5 Rxb3 36. d6 Re3 37. Nc6 Rd7 38. Nb8 Kf7 39. Nxd7 Bxd7 40. Bd5+ Ke8 41. Kf2 Re5 42. Bf3 Kd8 43. Kg3 g6 44. Rd4 Be6 45. Kf4 Rf5+ 46. Ke3 Kd7 47. Be4 Rf6 48. Bd3 g5 49. Bb5+ Kd8 50. Be2 h4 51. Ra4 a5 52. b4 Rf4 53. Bb5 $19 Rxb4 {[%emt 0:00:30] Kd4 [%clk 0:00:00]} 0-1

[Event "44th BAN-ch OMICON 2018"]
[Site "Dhaka"]
[Date "2018.11.29"]
[Round "6"]
[White "Jabed Al Azad"]
[Black "Rahman, Syed Mahfuzur"]
[Result "0-1"]
[ECO "B54"]
[WhiteElo "2008"]
[BlackElo "2224"]
[Annotator "NA RC"]
[PlyCount "27"]
[EventDate "2018.11.24"]
[EventType "swiss"]
[EventCountry "BAN"]
[SourceTitle "playchess.com"]
[Source "ChessBase"]
[SourceQuality "1"]
[TimeControl "40/5400+30:1800+30"]

1. e4 c5 2. Nf3 d6 3. d4 cxd4 4. Nxd4 {[%emt 0:00:30] Nf6Nc3 [%clk 0:00:00]} a6 5. Be2 e5 6. Nb3 Be7 7. O-O Be6 8. f4 Qc7 9. Be3 Nd7 10. Bf3 Rc8 11. f5 Bc4 12. Rf2 b5 13. a3 h6 14. Qd2 {[%emt 0:00:30] O-O [%clk 0:00:00] g4 [%clk 0:00:00] Nh7 [%clk 0:00:00] Rd1 [%clk 0:00:00] Rfd8 [%clk 0:00:00] Rg2 [%clk 0:00:00] Ng5 [%clk 0:00:00] Qf2 [%clk 0:00:00] Nh3+ [%clk 0:00:00]} 0-1

[Event "44th BAN-ch OMICON 2018"]
[Site "Dhaka"]
[Date "2018.11.30"]
[Round "7"]
[White "Chatterjee, Debaraj"]
[Black "Mohammad, Javed"]
[Result "1-0"]
[ECO "E97"]
[WhiteElo "2277"]
[BlackElo "2135"]
[Annotator "NA RC"]
[PlyCount "67"]
[EventDate "2018.11.24"]
[EventType "swiss"]
[EventCountry "BAN"]
[SourceTitle "playchess.com"]
[Source "ChessBase"]
[SourceQuality "1"]
[TimeControl "40/5400+30:1800+30"]

1. d4 Nf6 2. c4 g6 3. Nc3 Bg7 4. e4 d6 5. Nf3 O-O 6. Be2 e5 7. O-O Nc6 8. d5 Ne7 9. b4 a5 10. bxa5 Rxa5 11. a4 Nh5 {[%emt 0:03:59] E97: King's Indian: Classical Main Line (6...e5 7 0-0 Nc6): 8 Be3 and 8 d5 Ne7, not 9 Ne1} (11... c5 12. Bd2 Ra6 13. Qc2 Nd7 14. Ra3 f5 15. Ng5 Nf6 16. Rb1 fxe4 17. Ncxe4 Nxe4 18. Nxe4 Nf5 19. Qd1 {½-½ (117) Kazhgaleyev,M (2582)-Yilmaz,M (2613) Almaty 2016}) 12. Nd2 Nf4 13. Nb3 Ra8 14. Be3 $146 ({Predecessor:} 14. Ba3 f5 15. f3 Nxe2+ 16. Qxe2 f4 17. a5 g5 18. h3 h5 19. c5 {0-1 (28) Magyar,F (2019)-Spacek,O (1907) Slovakia 2011}) 14... f5 15. f3 b6 16. a5 bxa5 17. Rxa5 Rxa5 18. Nxa5 c5 19. Nc6 Qe8 20. Na7 Bd7 21. Nab5 Nc8 22. Re1 Qd8 (22... Nxe2+ $11 23. Qxe2 Qe7) 23. Bf1 fxe4 24. Nxe4 Bxb5 25. cxb5 Nb6 26. Qb3 Rf7 (26... Qc7 $14) 27. Rd1 Bf8 28. g3 Nh5 29. Ng5 ({White should try} 29. Bh3) 29... Ra7 $2 {[%emt 0:02:48] [#]} (29... Rb7 $16 {might work better.}) 30. Bxc5 $1 Qxg5 $18 ({But not} 30... dxc5 31. d6+ c4 32. Bxc4+ Kh8 {[#]} 33. d7 $1 $18 ) (30... Ng7 {was worth a try.} 31. Bf2 Be7) 31. Bxb6 Rf7 32. Bf2 Qf6 33. b6 Rb7 34. Ba6 1-0

[Event "44th BAN-ch OMICON 2018"]
[Site "Dhaka"]
[Date "2018.11.30"]
[Round "7"]
[White "Rahman, Taibur"]
[Black "Mohammad Fahad, Rahman"]
[Result "1-0"]
[ECO "E41"]
[WhiteElo "2239"]
[BlackElo "2381"]
[Annotator "RC"]
[PlyCount "75"]
[EventDate "2018.11.24"]
[EventType "swiss"]
[EventCountry "BAN"]
[SourceTitle "playchess.com"]
[Source "ChessBase"]
[SourceQuality "1"]
[TimeControl "40/5400+30:1800+30"]

1. d4 Nf6 2. c4 e6 3. Nc3 Bb4 4. e3 O-O 5. Bd3 c5 6. Nf3 Nc6 7. O-O Bxc3 8. bxc3 d6 9. e4 e5 10. d5 Ne7 11. Nh4 Ng6 12. Nf5 Ne7 13. Ne3 Ne8 14. Rb1 b6 15. a4 f5 16. exf5 Nxf5 17. Qc2 g6 18. f4 Nxe3 19. Bxe3 Ng7 20. fxe5 dxe5 21. Rxf8+ Qxf8 22. a5 Qd6 23. Qa2 Bf5 24. Bxf5 Nxf5 25. Bf2 Rb8 26. axb6 axb6 27. Qa7 Nh6 28. Rb5 Qd8 29. h3 Ra8 30. Qxb6 Ra1+ 31. Kh2 Qxb6 32. Rxb6 Ra4 33. d6 Kf7 34. Rb7+ Ke6 35. Bxc5 Nf5 36. d7 Ra8 37. Bb6 Nd6 38. Ra7 {[%emt 0:00:26] Kd5 [%clk 0:00:00]} 1-0

[Event "44th BAN-ch OMICON 2018"]
[Site "Dhaka"]
[Date "2018.11.30"]
[Round "7"]
[White "Rahman, Syed Mahfuzur"]
[Black "S M Sharon"]
[Result "1-0"]
[ECO "B06"]
[WhiteElo "2224"]
[BlackElo "2123"]
[Annotator "RC"]
[PlyCount "87"]
[EventDate "2018.11.24"]
[EventType "swiss"]
[EventCountry "BAN"]
[SourceTitle "playchess.com"]
[Source "ChessBase"]
[SourceQuality "1"]
[TimeControl "40/5400+30:1800+30"]

1. d4 g6 2. e4 Bg7 3. Nf3 d6 4. Nc3 a6 5. a4 Nf6 6. Bd3 O-O 7. O-O Nc6 8. d5 Nb4 9. Be2 e6 10. a5 exd5 11. exd5 Re8 12. Be3 c5 13. dxc6 bxc6 14. Bb6 Qd7 15. Qd2 Nbd5 16. Nxd5 Nxd5 17. Bd4 Nf6 18. Rad1 c5 19. Bxf6 Bxf6 20. Bc4 Rd8 21. Ng5 Qg4 22. Bxf7+ Kg7 23. Bd5 Bxg5 24. f4 Bb7 25. Bxb7 Ra7 26. fxg5 Rxb7 27. Qc3+ Kg8 28. Qf6 Qd7 29. Rde1 Qc8 30. Re7 Rxe7 31. Qxe7 Rf8 32. Rf6 Rxf6 33. gxf6 Qf8 34. Qe6+ Kh8 35. c4 h6 36. h4 h5 37. Kf2 Qb8 38. Kf3 Qa8+ 39. Kf4 Qf8 40. Kg5 Qa8 41. g3 d5 42. Qf7 Qg8 43. Qxg8+ Kxg8 44. cxd5 1-0

[Event "44th BAN-ch OMICON 2018"]
[Site "Dhaka"]
[Date "2018.11.30"]
[Round "7"]
[White "Anata, Choudhury"]
[Black "Jamal Uddin"]
[Result "1/2-1/2"]
[ECO "B96"]
[WhiteElo "2141"]
[BlackElo "1950"]
[Annotator "RC"]
[PlyCount "127"]
[EventDate "2018.11.24"]
[EventType "swiss"]
[EventCountry "BAN"]
[SourceTitle "playchess.com"]
[Source "ChessBase"]
[SourceQuality "1"]
[TimeControl "40/5400+30:1800+30"]

1. e4 c5 2. Nf3 d6 3. d4 cxd4 4. Nxd4 Nf6 5. Nc3 a6 6. Bg5 e6 7. f4 Nc6 8. e5 dxe5 9. Nxc6 Qxd1+ 10. Rxd1 bxc6 11. fxe5 Nd5 12. Ne4 h6 13. Bh4 g5 14. Bf2 Be7 15. g3 O-O 16. c4 Bb4+ 17. Ke2 f5 18. exf6 Nxf6 19. Nxf6+ Rxf6 20. Rd8+ Kf7 21. Bh3 Be7 22. Rd3 h5 23. Be3 g4 24. Bg2 Rb8 25. b3 c5 26. Bf4 Bb7 27. Bxb8 Bxg2 28. Re1 Rf5 29. Bf4 e5 30. Be3 Be4 31. Rd7 Ke8 32. Ra7 h4 33. Rxe7+ Kxe7 34. Bxc5+ Ke6 35. gxh4 Rf3 36. Rg1 Rh3 37. Bf2 Bf3+ 38. Ke3 Rxh2 39. b4 Rh3 40. Bg3 Bc6 41. Kf2 Kf5 42. Re1 e4 43. Rg1 Ba4 44. Ke3 Bd1 45. a3 Bb3 46. Kd4 e3 47. Kxe3 Bxc4 48. Kf2 Ke4 49. Rc1 Bb5 50. Kg2 Kd4 51. Rc7 Bc4 52. Rg7 Be2 53. Kf2 Kc4 54. h5 Bf3 55. Rg5 Kb3 56. Ra5 Bb7 57. b5 Rxh5 58. bxa6 Rxa5 59. axb7 Rf5+ 60. Ke3 Rb5 61. b8=Q Rxb8 62. Bxb8 Kxa3 63. Kf4 Ka4 64. Ke4 1/2-1/2